 Dungeon Sprint DCSS version 0.30-a0-840-ga523dec638 (webtiles) character file.

Game seed: 16591695654374158666

119 dialectric the Trooper (level 5, -9/37 HPs)
             Began as a Gargoyle Fighter on Mar 1, 2023.
             Mangled by a neqoxec (11 damage)
             ... in the Dungeon (Sprint II: "The Violet Keep of Menkaure").
             The game lasted 00:00:16 (44 turns).

dialectric the Trooper (Gargoyle Fighter)             Turns: 44, Time: 00:00:17

Health: -9/37      AC:  8    Str: 22      XL:     5   Next: 3%
Magic:  5/5        EV: 10    Int:  5 (8)  God:
Gold:   0          SH:  0    Dex:  9      Spells: 4/4 levels left

rFire   . . .      SeeInvis .    a - +0 flail
rCold   . . .      Faith    .    (no shield)
rNeg    + . .      Spirit   .    b - +0 scale mail
rPois   ∞          Reflect  .    (no helmet)
rElec   +          Harm     .    (no cloak)
rCorr   .          Rampage  .    (no gloves)
Will    .....      Rage     3%   (no boots) Stlth NoTele +
                                 (no amulet)
HPRegen 0.26/turn                (no ring)
MPRegen 0.09/turn                (no ring)

@: no status effects
A: sickness immunity, AC +4, negative energy resistance 1, electricity
resistance, torment resistance 1, petrification resistance, berserk 1, deformed
body
a: no special abilities


You were in the Dungeon.
You visited 1 branch

Inventory:

Hand Weapons
 a - a +0 flail (weapon)
Armour
 b - a +0 scale mail (worn)
 c - a +0 buckler
Scrolls
 j - a scroll of blinking
Potions
 d - a potion of might
 e - a potion of curing
 f - a potion of heal wounds
 g - a potion of haste
 h - 2 potions of magic


   Skills:
 + Level 6.7 Fighting
 + Level 3.3 Maces & Flails
 + Level 6.3 Armour
 * Level 0.6 Dodging
 - Level 6.4 Shields


You had 4 spell levels left.
You didn't know any spells.
Your spell library was empty.

Dungeon Overview and Level Annotations

Branches:
Dungeon (1/1)

Altars:


Innate Abilities, Weirdness & Mutations

You are immune to sickness and miasma.
Your stone body is resilient. (AC +4)
You are immune to poison.
You resist negative energy. (rN+)
You are resistant to electric shocks. (rElec)
You are resistant to unholy torment.
You are immune to petrification.
You sometimes lose your temper in combat.
Armour fits poorly on your strangely shaped body.


Message History

The neqoxec is severely wounded.
You feel yourself speed up. The neqoxec hits you.
You closely miss the neqoxec.
The neqoxec is severely wounded.
The neqoxec gestures at you.
Strange energies course through your body.
Your body twists and deforms.
You closely miss the neqoxec.
The neqoxec is severely wounded.
The neqoxec barely misses you.
You closely miss the neqoxec.
You punch the neqoxec, but do no damage.
The neqoxec is severely wounded.
You completely miss the neqoxec.
The neqoxec is severely wounded.
The neqoxec hits you.
* * * LOW HITPOINT WARNING * * *
The neqoxec hits you but does no damage.
You hit the neqoxec but do no damage.
The neqoxec is severely wounded.
The neqoxec closely misses you.
You closely miss the neqoxec.
The neqoxec is severely wounded.
You closely miss the neqoxec.
The neqoxec is severely wounded.
The neqoxec gestures at you.
Strange energies course through your body.
You feel a little pissed off.
You completely miss the neqoxec.
The neqoxec is severely wounded.
You recover from your berserk rage.
The neqoxec gestures at you.
Something tries to feed on your intellect!
The neqoxec hits you!
* * * LOW HITPOINT WARNING * * *
You closely miss the neqoxec.
The neqoxec is severely wounded.
The neqoxec hits you!
You die...

## #3#
#+#
#3##.##
#@.<.+
###.##
#+#


You could see 2 neqoxecs.

Vanquished Creatures
  A neqoxec (D)
1 creature vanquished.

Notes
Turn   | Place    | Note
-------+----------+-------------------------------------------
     0 | D        | dialectric the Gargoyle Fighter began the quest for the
                  | Orb.
     0 | D        | Reached XP level 1. HP: 14/14 MP: 1/1
     8 | D        | Noticed a neqoxec
    15 | D        | Noticed a neqoxec
    17 | D        | Killed a neqoxec
    18 | D        | Reached XP level 2. HP: 18/23 MP: 2/2
    18 | D        | Reached XP level 3. HP: 22/28 MP: 3/3
    18 | D        | Reached XP level 4. HP: 25/32 MP: 4/4
    18 | D        | Reached XP level 5. HP: 29/37 MP: 5/5
    19 | D        | Noticed a neqoxec
    36 | D        | Gained mutation: Armour fits poorly on your strangely
                  | shaped body. [a neqoxec]
    42 | D        | Gained mutation: You sometimes lose your temper in combat.
                  | [a neqoxec]
    44 | D        | Mangled by a neqoxec

Illustrated notes

Levels and vault maps discovered:
D:        the_violet_keep_of_menkaure [sprint2_stairs_cluster_1,
          sprint2_shoproom, sprint2_temple, sprint2_basic_supplies,
          sprint2_obstacle_4, sprint2_obstacle_2, sprint2_obstacle_5,
          sprint2_obstacle_3, sprint2_obstacle_1, sprint2_timed_cluster_1,
          sprint2_smallroom_cluster_1, sprint2_smallroom_final_cluster_1,
          sprint2_transparent_cluster_1, sprint2_second_timed_cluster_1,
          sprint2_sniper_area_1, sprint2_heavy_combat_area_1,
          sprint2_mutation_trap_area_1, sprint2_forest_area_1,
          sprint2_light_combat_area_1, sprint2_behind_water_1,
          sprint2_near_end_vault_1]

Skill      XL: |  1 |
---------------+----+-----
Fighting       | 6 |  6.7
Maces & Flails | 3 |  3.3
Armour         | 6 |  6.3
Shields        | 6 |  6.4
Dodging        | |  0.6

Action                     |  1- 3 |  4- 6 || total
---------------------------+-------+-------++-------
  Melee: Flail             |     8 |    26 ||    34
         Punch             |       |     1 ||     1
    Use: Potion            |     1 |       ||     1
 Armour: Scale mail        |     2 |     5 ||     7
  Dodge: Dodged            |     2 |    11 ||    13

Table legend: (Time is in decaauts)
 A = Elapsed time spent in this place.
 B = Non-inter-level travel time spent in this place.
 C = Inter-level travel time spent in this place.
 D = Time resting spent in this place.
 E = Time spent auto-exploring this place.
 F = Levels seen in this place.
 G = Mean time per level.
                   A        B        C        D        E       F      G
               +--------+--------+--------+--------+--------+-----+--------+
         Total |     58 |     58 |      0 |      0 |      0 |   1 |   58.0 |
       Dungeon |     58 |     58 |      0 |      0 |      0 |   1 |   58.0 |
               +--------+--------+--------+--------+--------+-----+--------+

Top non-repeatable levels by time:
       D: 58 daAuts
